[Event "Early-Titled-Tuesday-Blitz-March-26-2024"]
[Site "Chess.com"]
[Date "2024.03.26"]
[Round "10"]
[White "KuzubovYuriy"]
[Black "FairChess_on_YouTube"]
[Result "1/2-1/2"]
[WhiteElo "2927"]
[BlackElo "3115"]
[TimeControl "180+1"]
[EndTime "9:54:57 PDT"]
[Termination "Game drawn by repetition"]

1. d4 Nf6 2. c4 d6 3. Nf3 g6 4.
g3 Bg7 5. Bg2 O-O 6. O-O Bf5 7.
Nc3 c6 8. b3 Ne4 9. Bb2 Nxc3 10. Bxc3 Be4 11. Rc1 Nd7 12. Qd2 a5 13. Bh3 Bxf3 14.
exf3 Nb6 15. d5 Bxc3 16. Rxc3 Nd7 17. Re1 Nf6 18. f4 cxd5 19. cxd5 Re8 20. f5 Qb6 21.
Rc4 Kg7 22. Rh4 h5 23. fxg6 fxg6 24. Be6 Rh8 25. Rc4 Raf8 26. Rec1 h4 27. Qd4 Qxd4 28. Rxd4 hxg3 29. hxg3 Nh7 30. f4 g5 31. Rc7 gxf4 32.
Rxe7+ Kf6 33. Rxb7 fxg3 34. Rg4 Ng5 35. Rxg3 Ne4 36.
Rf3+ Ke5 37. Rxf8 Rxf8 38. a4 Kd4 39. Rb5 Rf6 40. Rxa5 Rg6+ 41. Kh2 Ke3 42. Ra8 Rh6+ 43. Kg2 Rg6+ 44. Kh3 Kf3 45. Rf8+ Nf6 46. Kh2 Kf2 47. Bh3 Ke3 48. a5 Nxd5 49. a6 Rg7 50. Re8+ Kf2 51.
Rf8+ Ke3 52. Rd8 Nf4 53. Rd7 Rg8 54. Re7+ Kd4 55. Bf5 Nd5 56. Rh7 Ne3 57. Bd7 Kc5 58. Bh3 Kb6 59. Re7 Nd5 60. Rd7 Kxa6 61. Rxd6+ Nb6 62.
Be6 Rg7 63. Bc4+ Ka5 64. Rd2 Kb4 65. Kh3 Re7 66. Re2 Rc7 67. Kg4 Nd7 68. Kf4 Nc5 69. Rd2 Re7 70. Rd5 Re4+ 71. Kf5 Re1 72. Rd8 Kc3 73. Rc8 Kd4 74. Rd8+ Kc3 75. Rc8 Kd4 76. Rd8+ Kc3 1/2-1/2

[Event "Early-Titled-Tuesday-Blitz-March-26-2024"]
[Site "Chess.com"]
[Date "2024.03.26"]
[Round "10"]
[White "karinachess1"]
[Black "MyDream003"]
[Result "0-1"]
[WhiteElo "2607"]
[BlackElo "2788"]
[TimeControl "180+1"]
[EndTime "9:54:58 PDT"]
[Termination "MyDream003 won by resignation"]

1. d4 d5 2. c4 e6 3. Nc3 Nf6 4.
cxd5 exd5 5. Bg5 Be7 6. e3 O-O 7. Bd3 c6 8. Qc2 Nbd7 9. Nf3 Re8 10. O-O Nf8 11. a3 Ng6 12. b4 a6 13. Rab1 Ne4 14. Bxe7 Qxe7 15. a4 Nxc3 16. Qxc3 Bg4 17. Nd2 Nh4 18.
Kh1 Qg5 19. Rg1 Qh5 20. Nf1 Nf3 21. Be2 Nxg1 22. Bxg4 Qxg4 23. Kxg1 h6 24. h3 Qg6 25.
Rc1 Qd6 26. Ng3 g6 27. Qc5 Red8 28. a5 Qe6 29. Ne2 Qf6 30. Qb6 Rd7 31. Nf4 Qd8 32. Qc5 Qe7 33. Nd3 Qxc5 34. bxc5 Rb8 35. Rb1 Rc8 36.
Ne5 Re7 37. Rb3 Kg7 38. Nd3 h5 39. h4 f6 40. Nf4 Kh6 41. Nd3 Rcc7 42. g3 Rf7 43.
Kg2 Rfe7 44. Kf3 Kg7 45. Kg2 g5 46. hxg5 fxg5 47. Ne5 Kf6 48. f4 Rg7 49. Kh3 Kf5 50.
Rb1 gxf4 51. exf4 Rc8 52. Rd1 Rcg8 53. Rd3 h4 54. gxh4 Kxf4 55. Rd1 Rg3+ 56. Kh2 Rg2+ 57. Kh1 Kg3 58. Rd3+ Kxh4 59. Nf3+ Kh5 60. Ne5 Rg1+ 61. Kh2 R8g2+ 62. Kh3 Ra2 63. Rf3 Rh1+ 64. Kg3 Rg1+ 65. Kh3 Rxa5 66. Rf5+ Kh6 67. Rf6+ Kh7 68. Rf7+ Rg7 69. Rf4 Ra1 70. Ng4 Rh1+ 71. Kg2 Rh4 72. Kf3 Rhxg4 73. Rxg4 Rxg4 74. Kxg4 a5 75. Kf3 a4 76. Ke3 a3 77. Kd3 a2 78. Kc2 a1=Q 79. Kb3 Qa7 80. Kb4 Qa6 0-1

[Event "Early-Titled-Tuesday-Blitz-March-26-2024"]
[Site "Chess.com"]
[Date "2024.03.26"]
[Round "10"]
[White "xakevicius91"]
[Black "atalz0"]
[Result "1-0"]
[WhiteElo "2527"]
[BlackElo "2377"]
[TimeControl "180+1"]
[EndTime "9:54:58 PDT"]
[Termination "xakevicius91 won on time"]

1. e4 d5 2. exd5 Nf6 3. Nf3 Nxd5 4. d4 Bg4 5. Be2 e6 6. c4 Nb6 7. Nc3 Be7 8. Be3 Nc6 9. O-O Bxf3 10. Bxf3 Nxc4 11. Bxc6+ bxc6 12. Qa4 Nb6 13. Qxc6+ Qd7 14. Qxd7+ Kxd7 15. Rfd1 Nd5 16. Nxd5 exd5 17. Bf4 Rhb8 18. b3 a5 19. Rac1 Bd6 20. Bxd6 Kxd6 21. Rc3 Rb6 22. Rdc1 c6 23. g3 a4 24. b4 a3 25. Kg2 Ra4 26. h4 Raxb4 27. Rxa3 Rxd4 28. Ra7 Ke6 29. a4 Rc4 30. Re1+ Re4 31. Rc1 Rc4 32. Re1+ Re4 33. Rd1 c5 34. a5 Rb2 35. a6 Ree2 36. Rf1 Ra2 37. Ra8 c4 38. a7 Kf6 39. Kf3 Re7 40. Rd8 Rexa7 41. Rxd5 Rc7 42. Kg4 g6 43. h5 c3 44. h6 Rc4+ 45. f4 Rc6 46. Rdd1 c2 47. Rc1 Ra3 48. Rf2 Rcc3 49. Rg2 Ke6 50. Rcxc2 f5+ 51. Kh4 Kf6 52. Rxc3 Rxc3 53. Ra2 Rc1 54. g4 Rh1+ 55. Kg3 Rg1+ 56. Kf3 fxg4+ 57. Kf2 Rh1 58.
Kg3 Rxh6 59. Kxg4 Rh1 60. Ra6+ Kg7 61. Ra7+ Kh6 62. Ra6 Rg1+ 63. Kh3 Rf1 64. Kg3 Rb1 65. Ra5 Rb4 66. Kg4 Kg7 67. Ra7+ Kf6 68. Ra6+ Kg7 69. Ra7+ Kh6 70. Ra6 Rb7 71. Rc6 Rf7 72. Ra6 Kg7 73. Kg5 Rf5+ 74. Kg4 h5+ 75. Kg3 Kh6 76. Rb6 Ra5 77.
Rc6 Ra3+ 78. Kg2 h4 79. Rc8 Kh5 80. Rg8 Rg3+ 81. Kh2 Rf3 82. Rf8 Kg4 83. Rf6 Rf2+ 84. Kg1 Rxf4 85. Rxg6+ Kh3 86. Rg8 Ra4 87. Kf2 1-0

[Event "Early-Titled-Tuesday-Blitz-March-26-2024"]
[Site "Chess.com"]
[Date "2024.03.26"]
[Round "10"]
[White "NovoselovRoman"]
[Black "Felix-Rose"]
[Result "1-0"]
[WhiteElo "2556"]
[BlackElo "2248"]
[TimeControl "180+1"]
[EndTime "9:55:00 PDT"]
[Termination "NovoselovRoman won by checkmate"]

1. d4 d5 2. Bf4 Nf6 3. Nf3 e6 4. e3 Bd6 5. Bg3 O-O 6. Bd3 c5 7. c3 b6 8. Nbd2 Ba6 9. Bxa6 Nxa6 10. Ne5 b5 11. a3 Qc7 12. Qe2 Rab8 13. a4 Rb6 14. axb5 Nb8 15. O-O c4 16. b3 cxb3 17. Nxb3 Ne4 18. c4 Nxg3 19. hxg3 Bxe5 20. dxe5 dxc4 21. Rfc1 Rxb5 22. Rxc4 Qxe5 23. Nd4 a5 24. Rac1 Rb4 25. Rc8 g6 26. Qa2 Rxc8 27. Rxc8+ Kg7 28. Qc2 Qd5 29. Rc7 e5 30. Rc5 Qd6 31. Nf3 Na6 32. Rxa5 Qb6 33. Rxe5 Rb1+ 34. Kh2 Rb2 35. Qc3 Qb4 36.
Qxb4 Nxb4 37. Kg1 Rb1+ 38. Kh2 Rb2 39. Kg1 Nd3 40. Re7 Rb1+ 41. Kh2 Nxf2 42. g4 Rh1+ 43. Kg3 Nd3 44. g5 Rf1 45. Rd7 Ne1 46. Ne5 Rg1 47.
Kf2 Rxg2+ 48. Kxe1 Rxg5 49. Nxf7 Rg1+ 50. Kf2 Ra1 51.
Ng5+ Kh6 52. Ne4 Ra2+ 53. Kf3 g5 54. Nf6 Kg6 55. Nxh7 Rh2 56. Nf8+ Kf6 57. Ra7 Rh3+ 58. Kf2 Kf5 59. Rf7+ Kg4 60. Ne6 Rh2+ 61. Kg1 Re2 62. Rg7 Rxe3 63. Nxg5 Rg3+ 64. Kf2 Ra3 65. Ne4+ Kf5 66.
Ng3+ Kf6 67. Rg4 Ra2+ 68. Kf3 Ra3+ 69. Kf4 Ra4+ 70. Ne4+ Ke6 71. Rg5 Rb4 72. Re5+ Kf7 73. Kf5 Rb3 74. Ng5+ Kg7 75. Re7+ Kf8 76. Ra7 Rb5+ 77.
Kf6 Ke8 78. Ne6 Rb1 79. Re7# 1-0

[Event "Early-Titled-Tuesday-Blitz-March-26-2024"]
[Site "Chess.com"]
[Date "2024.03.26"]
[Round "10"]
[White "lagunanivaria"]
[Black "GeorgiosSouleidis"]
[Result "1-0"]
[WhiteElo "2457"]
[BlackElo "2574"]
[TimeControl "180+1"]
[EndTime "9:55:01 PDT"]
[Termination "lagunanivaria won on time"]

1. e3 Nf6 2. d4 d5 3. c4 e6 4. Nc3 a6 5. cxd5 exd5 6. Bd3 Bd6 7. h3 c6 8. Nf3 O-O 9. O-O Re8 10. Qc2 Nbd7 11. Rb1 Nf8 12. b4 Qe7 13. a3 Ne4 14. Nd2 f5 15. Nf3 Ng6 16. Bd2 Bd7 17. Rfe1 Kh8 18.
Ne2 Rf8 19. g3 Rac8 20. Nf4 Nxf4 21. gxf4 Rg8 22. Kf1 Be6 23. Ke2 h6 24. Rg1 Bf7 25.
Ne5 Bh5+ 26. f3 Qh4 27. Bxe4 fxe4 28. Ng6+ Bxg6 29. Rxg6 exf3+ 30. Kxf3 Qxh3+ 31. Rg3 Qh5+ 32. Kf2 Rcf8 33. Qg6 Qh2+ 34. Rg2 Qh4+ 35. Ke2 Rf6 36. Qg4 Qxg4+ 37. Rxg4 Re8 38. Kd3 Rf7 39. Rbg1 Be7 40. Be1 Bf6 41. Bh4 Bxh4 42. Rxh4 Rfe7 43. Rg3 a5 44.
bxa5 Ra8 45. f5 Rf7 46. Rf4 Rxa5 47. f6 Rxa3+ 48. Ke2 Rxf6 49. Rxf6 gxf6 50. Rg6 Ra8 51. Rxf6 Kg7 52. Rd6 Rf8 53. Rd7+ Rf7 54. Rd8 Kg6 55. Rg8+ Rg7 56. Rh8 Rf7 57. Rg8+ Kf5 58. Kf3 Rh7 59. Kg3 h5 60. Re8 h4+ 61. Kh3 Rh6 62. Re5+ Kf6 63. Re8 b5 64. Rc8 Kf5 65. Re8 b4 66. Re5+ Kf6 67.
Re8 Rh7 68. Rb8 Kf5 69. Rxb4 Ke4 70. Rb3 Kf3 71. Rc3 Rh6 72. Rd3 Re6 73. Kxh4 Rxe3 74. Rd1 Re4+ 75. Kg5 Ke3 76. Rc1 Re6 77. Kf5 Rh6 78.
Rd1 Ke2 79. Rc1 Kd2 80. Ra1 Kc3 81. Rd1 Kb2 82. Ke5 1-0

[Event "Early-Titled-Tuesday-Blitz-March-26-2024"]
[Site "Chess.com"]
[Date "2024.03.26"]
[Round "10"]
[White "kids2010"]
[Black "mishanick"]
[Result "1/2-1/2"]
[WhiteElo "2811"]
[BlackElo "3063"]
[TimeControl "180+1"]
[EndTime "9:55:02 PDT"]
[Termination "Game drawn - insufficient material"]

1. e4 c5 2. Nf3 d6 3. c3 Nf6 4. h3 g6 5. Bd3 Bg7 6. O-O O-O 7.
Bc2 e5 8. d4 cxd4 9. cxd4 Nc6 10. Nc3 exd4 11. Nxd4 d5 12. Bg5 Nxd4 13. Qxd4 Nxe4 14.
Qxg7+ Kxg7 15. Bxd8 Nxc3 16. Bc7 Ne4 17. f3 Nc5 18.
Bd6 Ne6 19. Bxf8+ Kxf8 20. Bb3 Nf4 21. Rfd1 Be6 22. Kf2 g5 23. Rac1 a5 24. Rc7 b5 25.
Rd4 h6 26. h4 a4 27. Bc2 a3 28. b4 Ke8 29. g3 Nh5 30. hxg5 hxg5 31. Rc5 Nf6 32. Rxb5 g4 33. Rc5 Ke7 34. b5 gxf3 35.
Kxf3 Nd7 36. Rc3 Nb6 37. Rc7+ Kf6 38. Rc6 Nc4 39. Kf2 Ke5 40. Rd3 Rb8 41. Bb3 Rxb5 42. Bxc4 dxc4 43. Rxa3 Kd4 44. Ra7 Rb2+ 45. Ke1 Bd5 46. Rd7 Rxa2 47. Rcd6 Ra5 48. Kd2 Ke5 49. Rd8 Ra2+ 50. Ke3 Ra3+ 51. Kf2 Rf3+ 52. Ke2 Rd3 53. R6d7 f5 54. Re8+ Kd4 55. Red8 Kc5 56. Rc7+ Kd4 57.
Rcd7 Ke5 58. Kf2 c3 59. Ke2 Rd2+ 60. Ke3 Rd1 61. Rc7 Re1+ 62. Kf2 Rc1 63. Ke3 Re1+ 64. Kf2 Rc1 65. Rdc8 Be4 66. Rxc3 Rh1 67. R3c5+ Kd4 68. R5c7 Rh2+ 69. Ke1 Ra2 70. Rd8+ Ke5 71. Re7+ Kf6 72. Rc7 Kg5 73. Rg8+ Kf6 74. Rc5 Ke6 75. Rd8 Kf6 76.
Rf8+ Kg5 77. Rg8+ Kf6 78. Rf8+ Ke6 79. Re8+ Kd6 80. Rce5 Ra3 81. Kf2 Rf3+ 82. Ke2 Rxg3 83. Rxe4 fxe4 84. Rxe4 Kd5 85. Re3 Rxe3+ 86. Kxe3 1/2-1/2

[Event "Early-Titled-Tuesday-Blitz-March-26-2024"]
[Site "Chess.com"]
[Date "2024.03.26"]
[Round "10"]
[White "Statham_01"]
[Black "PavelShkapenko"]
[Result "1/2-1/2"]
[WhiteElo "2594"]
[BlackElo "2754"]
[TimeControl "180+1"]
[EndTime "9:55:06 PDT"]
[Termination "Game drawn - insufficient material"]

1. e4 e5 2. Nf3 Nc6 3. Bc4 d6 4. d4 Nf6 5. Ng5 d5 6. exd5 Nxd4 7. c3 Nf5 8. O-O h6 9. Nf3 e4 10. Nd4 Bd6 11. Bb5+ Bd7 12. Bxd7+ Qxd7 13. Nxf5 Qxf5 14. Nd2 O-O-O 15. c4 Qe5 16. f4 Qd4+ 17. Kh1 Rhe8 18. Qe2 e3 19. Nf3 Qxf4 20. b4 Bxb4 21. Rb1 Bd6 22. Rb3 Ng4 23. c5 Bxc5 24. h3 Nf2+ 25. Qxf2 exf2 26. Bxf4 Rxd5 27. Bg3 Re2 28. Rc3 Bb6 29. Kh2 Rxa2 30. Nh4 g6 31. Rf3 Rd7 32. Bxf2 Bxf2 33. R3xf2 Rxf2 34. Rxf2 b5 35. Nf3 Rd5 36. Nd2 f5 37. Nf3 Kb7 38. Nh4 Rd6 39. Nf3 a5 40. Ne5 a4 41. Rb2 c6 42. Kg3 g5 43. h4 Rd5 44. Nf7 gxh4+ 45. Kf4 Kb6 46. Nxh6 a3 47. Rb3 a2 48. Ra3 Rd2 49. Nxf5 Rxg2 50. Nxh4 Rb2 51. Nf3 b4 52. Ra8 b3 53. Nd4 c5 54. Nxb3 Rxb3 55.
Rxa2 Rd3 56. Ke4 Rd8 57. Ra1 Kb5 58. Rb1+ Kc6 59. Rc1 Rd4+ 60. Ke3 Kd5 61. Rb1 Kc4 62. Rc1+ Kb5 63. Rb1+ Rb4 64. Rc1 Rd4 65. Rb1+ Kc6 66. Rc1 Rd8 67. Rb1 Rd7 68. Rc1 Kb5 69. Rb1+ Ka4 70.
Rc1 Rd5 71. Ke4 Rh5 72. Kd3 Kb4 73. Rb1+ Ka5 74. Kc4 Ka6 75. Rb2 Rg5 76. Rb1 Rf5 77. Rb3 Ka7 78. Rb1 Re5 79. Rb5 Ka6 80. Rxc5 Rxc5+ 81. Kxc5 1/2-1/2

[Event "Early-Titled-Tuesday-Blitz-March-26-2024"]
[Site "Chess.com"]
[Date "2024.03.26"]
[Round "10"]
[White "monomita"]
[Black "FormerProdigy"]
[Result "1/2-1/2"]
[WhiteElo "2791"]
[BlackElo "2981"]
[TimeControl "180+1"]
[EndTime "9:55:10 PDT"]
[Termination "Game drawn by repetition"]

1. e4 c5 2. Nf3 d6 3. Bb5+ Bd7 4. Bxd7+ Qxd7 5. O-O Nf6 6. Re1 Nc6 7. c3 e6 8. d4 cxd4 9. cxd4 d5 10. e5 Ne4 11.
Nbd2 Nxd2 12. Bxd2 Bb4 13. Bxb4 Nxb4 14. Qd2 a5 15. a3 Nc6 16. Rac1 O-O 17. Rc3 a4 18. h4 Rac8 19. h5 h6 20. Nh2 Ne7 21. Rec1 Rxc3 22.
Rxc3 Rc8 23. Nf3 Rc4 24. Rxc4 dxc4 25. Qb4 b5 26. Qd6 Qxd6 27. exd6 Nc6 28. d7 Kf8 29. d5 exd5 30. Nd4 Nd8 31. Nxb5 Ke7 32. Nc3 Kxd7 33. Nxd5 Ne6 34. Nb6+ Kc6 35. Nxa4 Nf4 36. g4 Nd5 37. Kg2 Kb5 38. Nc3+ Nxc3 39. bxc3 Ka4 40. Kf3 Kb3 41. a4 Kxc3 42. a5 Kd2 43. a6 c3 44. a7 c2 45. a8=Q c1=Q 46. Qd5+ Ke1 47. Qxf7 Qc3+ 48. Kg2 Qe5 49. Qf3 Kd2 50. Kf1 Qa1+ 51.
Kg2 Qe5 52. Qb3 Qe4+ 53. Kg3 Qe5+ 54. Kh3 Ke2 55. Kg2 Qe4+ 56. f3 Qd4 57. Qc2+ Ke1 58. Qc1+ Ke2 59. Qf1+ Ke3 60. Qf2+ Kd3 61. Qxd4+ Kxd4 62. f4 Ke4 63. Kg3 Kd5 64. Kf3 Kd4 65. f5 Ke5 66. Ke3 Kf6 67. Kf4 Kf7 68. g5 hxg5+ 69. Kxg5 Kf8 70. Kf4 Ke7 71. Ke5 Kf7 72. Ke4 Kf6 73. Kf4 Ke7 74. Kg5 Kf7 75. Kg4 Kf6 76. Kf4 Ke7 1/2-1/2

[Event "Early-Titled-Tuesday-Blitz-March-26-2024"]
[Site "Chess.com"]
[Date "2024.03.26"]
[Round "10"]
[White "Grischuk"]
[Black "Jospem"]
[Result "1/2-1/2"]
[WhiteElo "3067"]
[BlackElo "3080"]
[TimeControl "180+1"]
[EndTime "9:55:19 PDT"]
[Termination "Game drawn - insufficient material"]

1. d4 Nf6 2. c4 e6 3. Nf3 Bb4+ 4. Nbd2 O-O 5. a3 Be7 6. e4 d6 7. Be2 Nfd7 8. b4 e5 9. d5 a5 10. Bb2 c5 11. b5 Nb6 12. Qc2 f5 13. O-O-O Qe8 14.
Bd3 f4 15. Rdg1 Bg4 16. Ne1 N8d7 17. f3 Bh5 18. Kb1 Bf6 19. Be2 Kf7 20. Nd3 g5 21. g3 Bg6 22. Bf1 Ke7 23. Bh3 Kd8 24. Be6 Kc7 25. Ka2 Be7 26. h4 fxg3 27. hxg5 Bxg5 28. Rxg3 Bxd2 29. Qxd2 Nxc4 30. Qc3 Ndb6 31. a4 Kb8 32. Bc1 Rf6 33. Qc2 Rxe6 34. dxe6 Qxe6 35. Ka1 Ka7 36. Re1 Bf7 37. f4 exf4 38. Nxf4 Qe5+ 39. Qc3 Qxc3+ 40. Rxc3 Re8 41. Rh3 Bg6 42. Nxg6 hxg6 43. Rh6 Nxa4 44. Rxg6 Nc3 45. e5 Rxe5 46. Rxe5 dxe5 47. b6+ Nxb6 48. Bd2 Ncd5 49. Bxa5 Nc4 50. Be1 b6 51. Re6 Ka6 52. Bg3 Kb5 53. Bxe5 Nb4 54. Bc7 Nc2+ 55. Kb1 Nd4 56.
Rh6 Nc6 57. Bxb6 Kxb6 58. Rh5 N4e5 59. Rh8 Kb5 60. Rh4 Nd4 61. Rh5 Ndc6 62. Rh4 Ka5 63. Re4 Kb6 64. Rh4 Kb5 65. Re4 Nd3 66. Rh4 Nce5 67.
Re4 Kc6 68. Rh4 Kd5 69. Ra4 Nc6 70. Rh4 Nde5 71. Rf4 Nd4 72. Rf8 c4 73. Rc8 Nec6 74.
Rh8 Kc5 75. Rh5+ Kb4 76. Rh3 Ne5 77. Rh8 c3 78. Rh3 c2+ 79. Kc1 Kc4 80. Kd2 Kd5 81. Rc3 Nc4+ 82. Kc1 Ne2+ 83. Kxc2 Nxc3 1/2-1/2

[Event "Early-Titled-Tuesday-Blitz-March-26-2024"]
[Site "Chess.com"]
[Date "2024.03.26"]
[Round "10"]
[White "Yaacovn"]
[Black "Rud_Makarian"]
[Result "0-1"]
[WhiteElo "2926"]
[BlackElo "3101"]
[TimeControl "180+1"]
[EndTime "9:56:04 PDT"]
[Termination "Rud_Makarian won by resignation"]

1. d4 Nf6 2. e3 d5 3. Nf3 c5 4. Be2 Nc6 5. O-O cxd4 6. exd4 Bg4 7. c3 e6 8. Qb3 Qc8 9. Bg5 Ne4 10.
Bf4 Be7 11. Re1 O-O 12. Nbd2 Nxd2 13. Bxd2 a6 14. a4 Na5 15. Qd1 Nc4 16. Bc1 b5 17. h3 Bxf3 18. Bxf3 Bd6 19. Qe2 Qc6 20. b3 Nb6 21. a5 Nd7 22. c4 Bb4 23. Rd1 Nf6 24. Be3 bxc4 25. bxc4 Qxc4 26. Qxc4 dxc4 27. Bxa8 Rxa8 28. Ra4 Nd5 29. Rb1 Bc3 30. Rxc4 Bxa5 31. Ra1 Bd8 32. Bd2 h6 33. Rca4 Bb6 34. Kf1 Kh7 35.
Ke2 Rd8 36. g3 Ne7 37. Rxa6 Bxd4 38. Ra8 Rd7 39. Rd1 Bf6 40. h4 Rb7 41. h5 Nd5 42. Rc1 g5 43. hxg6+ Kxg6 44. Rg8+ Kh7 45. Rgc8 Rb2 46.
R1c2 Rb3 47. Kf1 Bg7 48. Kg2 h5 49. R8c4 Kg6 50. Ra4 Bf6 51. Ra8 h4 52. Rg8+ Kh7 53.
Rg4 hxg3 54. Rxg3 Rxg3+ 55. Kxg3 Kg6 56. Kg4 Be5 57. Ra2 Nf6+ 58. Kf3 Nd5 59. Ra8 Bg7 60. Ra2 Kf5 61. Rc2 Be5 62. Rc1 Bd6 63. Rh1 e5 64.
Rh6 f6 65. Rh8 Ke6 66. Ke2 Be7 67. Ra8 Bd6 68. Kf3 f5 69. Ra6 e4+ 70. Ke2 Ke5 71. Ra8 Bc5 72. Ra5 Kd6 73. Ra6+ Ke5 74. Ra8 f4 75. Re8+ Kf5 76. Rh8 Ke5 77. Rh5+ Ke6 78.
Kf1 Bd6 79. Ke2 Be5 80. Rh7 f3+ 81. Kf1 Bd4 82. Rh6+ Kf5 83. Rh5+ Ke6 84. Rh6+ Kf5 85. Ra6 Nf6 86. Ra5+ Ke6 87. Ra4 Kd5 88. Bc1 Ng4 89. Ra5+ Kc4 90. Ra4+ Kd3 91. Ra3+ Kc4 92. Be3 Nxe3+ 93.
fxe3 Bc5 94. Ra4+ Kd3 95. Ra5 Bxe3 96. Ra3+ Kd4 97. Ra4+ Ke5 98. Ra8 Bc5 99. Rc8 Kd4 100. Rd8+ Kc4 101. Rf8 Bxf8 0-1

[Event "Early-Titled-Tuesday-Blitz-March-26-2024"]
[Site "Chess.com"]
[Date "2024.03.26"]
[Round "10"]
[White "Oleksandr_Bortnyk"]
[Black "Abund"]
[Result "0-1"]
[WhiteElo "3045"]
[BlackElo "2812"]
[TimeControl "180+1"]
[EndTime "9:57:17 PDT"]
[Termination "Abund won by resignation"]

1. e4 c6 2. c4 d5 3. cxd5 cxd5 4. exd5 Nf6 5. Qa4+ Nbd7 6. Nc3 g6 7. Nf3 Bg7 8. Bc4 O-O 9. d3 a6 10. Qa3 b6 11.
O-O Bb7 12. Re1 b5 13. Bb3 Re8 14. Be3 Nb6 15. Bxb6 Qxb6 16. Qb4 Qd6 17. Qxd6 exd6 18. a3 Kf8 19. Kf1 h6 20. Rxe8+ Rxe8 21. Re1 Rxe1+ 22. Kxe1 Nd7 23. d4 Nb6 24. Ke2 Ke7 25. Ke3 f5 26. h4 Bf6 27. g3 Kf7 28. Ne1 Ke7 29. Nd3 g5 30. hxg5 hxg5 31. Nb4 Kd7 32. Nd3 Ke7 33. f4 Kd7 34. Nf2 Ke7 35. Nh3 gxf4+ 36. gxf4 Kd7 37. Ng5 Ke7 38. Ne6 Kd7 39. Ng5 Ke7 40. Nf3 Kd7 41.
Ne1 Ke7 42. Nc2 Kd7 43. Kd3 Ke7 44. Ne3 Bc8 45. Bd1 Kf7 46. Bh5+ Kg7 47. Be8 Bh4 48. Ke2 Bg3 49. Kf3 Be1 50. Ne2 Bd2 51. Nf1 Be1 52.
Bc6 Nc4 53. b3 Nxa3 54. Ne3 Kf6 55. Ng3 Bxg3 56. Kxg3 Nb1 57. Kf2 Nd2 58. b4 Ne4+ 59. Ke2 Ke7 60. Kd3 Nf2+ 61. Kc2 Nh3 62. Ng2 Kf6 63. Kd2 Nf2 64. Ke3 Ne4 65. Ne1 Nc3 66. Kd3 Ne4 67. Nf3 Nf2+ 68. Ke3 Ng4+ 69. Ke2 Nh6 70.
Ng5 Ng4 71. Be8 Bb7 72. Bf7 Ba8 73. Be6 Bb7 74. Nf7 Ke7 75. Nh8 Nf6 76. Ng6+ Kd8 77. Nh4 Bxd5 78. Bxf5 Bc4+ 79. Kf3 Nd5 80. Be4 Nxb4 81.
Nf5 Kd7 82. Ne3 Bf7 83. f5 a5 84. Ke2 a4 85. Kd2 a3 86. Kc3 Nc6 87. d5 Ne5 88.
Bb1 Nc4 89. Ng4 Nb6 90. Kb4 Nxd5+ 91. Kxa3 Ke7 92. Be4 Nf6 93. Nf2 Nxe4 94. Nxe4 Bc4 95. Kb4 d5 96. Ng3 Kf6 97. Kc5 Ke5 98. Nh1 Kxf5 99.
Kd4 Kf4 100. Nf2 b4 101. Nd1 Kf3 102. Nb2 b3 103. Kc3 Ke2 104. Na4 Ke3 105. Nb2 Ke4 106. Na4 Ke5 107. Nc5 Kd6 108. Na4 Kc6 109. Nb2 Kb5 110. Nd1 Kc5 111. Nf2 d4+ 112. Kb2 Bd5 113. Nd3+ Kc4 114. Nc1 Kb4 115. Nd3+ Kb5 116. Nc1 Ka4 117. Nd3 Bc4 118. Ne5 Kb4 119. Nc6+ Kc5 120. Ne5 Kd5 121. Nf3 Ke4 122. Nd2+ Kd3 123. Nb1 Ke3 124. Na3 Bd5 125. Nb1 d3 126.
Kc3 Be6 127. Nd2 b2 128. Nf1+ Ke2 129. Ng3+ Kf3 130. Nf1 Ke2 131. Ng3+ Kf2 132. Ne4+ Ke3 133. Nd2 Ba2 134. Nf1+ Kf2 135. Nd2 b1=Q 136. Nxb1 Bxb1 137. Kd2 Bc2 138. Kc1 Ke1 0-1

[Event "Early-Titled-Tuesday-Blitz-March-26-2024"]
[Site "Chess.com"]
[Date "2024.03.26"]
[Round "11"]
[White "ArturoCaceres"]
[Black "KnightmareJoker"]
[Result "1-0"]
[WhiteElo "2440"]
[BlackElo "2310"]
[TimeControl "180+1"]
[EndTime "9:59:36 PDT"]
[Termination "ArturoCaceres won by resignation"]

1. d4 d5 2. Nf3 Nf6 3. Bg5 c5 4. e3 e6 5. Bd3 Be7 6. c3 Nc6 7. O-O h6 8. Bh4 g5 9. Bg3 Bd6 10. Bxd6 Qxd6 11. dxc5 Qxc5 12. Nd4 Nxd4 13. exd4 Qd6 14.
Nd2 Bd7 15. Nf3 O-O 16. Ne5 b5 17. f4 Ne4 18. Bxe4 dxe4 19. fxg5 hxg5 20. Qh5 Qe7 21. Nxd7 Qxd7 22. Qxg5+ Kh8 23. Rf6 1-0

[Event "Early-Titled-Tuesday-Blitz-March-26-2024"]
[Site "Chess.com"]
[Date "2024.03.26"]
[Round "11"]
[White "Matibar"]
[Black "Barmen_EV"]
[Result "1-0"]
[WhiteElo "2720"]
[BlackElo "2578"]
[TimeControl "180+1"]
[EndTime "10:00:10 PDT"]
[Termination "Matibar won by resignation"]

1. Nc3 f5 2. d3 Nf6 3. Bg5 e6 4. e4 fxe4 5. dxe4 Be7 6. Bd3 d6 7. e5 dxe5 8. Qe2 Nc6 9. O-O-O Nd4 10. Qxe5 c5 11. Nf3 Qd6 12. Qxd6 Bxd6 13. Nxd4 cxd4 14. Nb5 Bb8 15. Nxd4 O-O 16. f3 h6 17. Bd2 Nd5 18. Kb1 e5 19. Nb3 Kh8 20. Rhe1 b6 21. Be4 Bb7 22.
c4 1-0

[Event "Early-Titled-Tuesday-Blitz-March-26-2024"]
[Site "Chess.com"]
[Date "2024.03.26"]
[Round "11"]
[White "lukazz029"]
[Black "ViktoriyaTarasova"]
[Result "1-0"]
[WhiteElo "2047"]
[BlackElo "2353"]
[TimeControl "180+1"]
[EndTime "10:00:37 PDT"]
[Termination "lukazz029 won by checkmate"]

1. d4 Nf6 2. c4 e6 3. Nc3 Bb4 4. Qc2 O-O 5. e3 d5 6. cxd5 exd5 7. Ne2 c6 8. a3 Be7 9. Nf4 Nbd7 10. Bd3 h5 11. O-O Re8 12. Bd2 Nf8 13. f3 Bd6 14.
Nfe2 Qc7 15. g3 h4 16. Kg2 hxg3 17. hxg3 Be6 18. e4 dxe4 19. fxe4 Be7 20. Nf4 Rad8 21. Rae1 Rxd4 22. Nb5 Qd8 23. Nxd4 Qxd4 24. Bc3 Qd8 25. Rh1 g6 26. e5 Nd5 27. Nxe6 Nxe6 28. Bxg6 Ng7 29.
Bh7+ Kf8 30. Be4 Qd7 31. Rh8# 1-0

[Event "Early-Titled-Tuesday-Blitz-March-26-2024"]
[Site "Chess.com"]
[Date "2024.03.26"]
[Round "11"]
[White "PapaieDudu"]
[Black "Navyblue1"]
[Result "1-0"]
[WhiteElo "2431"]
[BlackElo "2242"]
[TimeControl "180+1"]
[EndTime "10:00:58 PDT"]
[Termination "PapaieDudu won by resignation"]

1. Nf3 c5 2. e4 d6 3. d4 cxd4 4. Nxd4 Nf6 5. Nc3 a6 6. f3 e5 7. Nb3 Be7 8. Be3 h5 9. Qd2 Be6 10. O-O-O Nbd7 11. Nd5 Bxd5 12. exd5 Rc8 13. Kb1 Nb6 14.
c4 Nxc4 15. Bxc4 Rxc4 16. Na5 Rc8 17. Qb4 b5 18. g4 hxg4 19. fxg4 Nxg4 20. Qxg4 Qxa5 21.
Qxc8+ 1-0

[Event "Early-Titled-Tuesday-Blitz-March-26-2024"]
[Site "Chess.com"]
[Date "2024.03.26"]
[Round "11"]
[White "xakevicius91"]
[Black "ChessQueen"]
[Result "0-1"]
[WhiteElo "2523"]
[BlackElo "2717"]
[TimeControl "180+1"]
[EndTime "10:01:32 PDT"]
[Termination "ChessQueen won by resignation"]

1. e4 c6 2. d4 d5 3. e5 c5 4. Nf3 Nc6 5. dxc5 e6 6. Be3 Nge7 7. Bb5 Nf5 8. b4 Bd7 9. Bxc6 Bxc6 10. Bd4 b6 11. cxb6 Bxb4+ 12. c3 Ba5 13. bxa7 Nxd4 14. Nxd4 Bd7 15. O-O O-O 16. Nb3 Bb6 17. N1d2 Rxa7 18. c4 Qa8 19. c5 Bc7 20. Nf3 Rxa2 21. Rxa2 Qxa2 22. Nbd4 Rb8 23. c6 Bc8 24. Qd3 Ba6 25. Qc2 Qxc2 26. Nxc2 Bxf1 27. Kxf1 f6 28. Ncd4 Kf7 29.
exf6 gxf6 30. Ke2 Rb6 31. Kd3 e5 0-1

[Event "Early-Titled-Tuesday-Blitz-March-26-2024"]
[Site "Chess.com"]
[Date "2024.03.26"]
[Round "11"]
[White "ChristopherYoo"]
[Black "Shahdad2007"]
[Result "1-0"]
[WhiteElo "2945"]
[BlackElo "2631"]
[TimeControl "180+1"]
[EndTime "10:01:34 PDT"]
[Termination "ChristopherYoo won by resignation"]

1. g3 g6 2. Bg2 Bg7 3. c4 Nf6 4. Nc3 O-O 5. Nf3 d5 6. cxd5 Nxd5 7. h4 h6 8. d4 c5 9. h5 cxd4 10.
Nxd5 Qxd5 11. hxg6 fxg6 12. Bxh6 Nc6 13. Qd2 Qa5 14.
Qxa5 Nxa5 15. Bxg7 Kxg7 16. Nxd4 Nc4 17. b3 Nd6 18. Rc1 Rf7 19. Nf3 e6 20. Ng5 Re7 21. Rh7+ Kf6 22. Rxe7 Kxe7 23. Rc7+ Bd7 24. Bxb7 Nxb7 25.
Rxb7 a5 26. Nf3 a4 27. Ne5 axb3 28. axb3 Kd6 29. Nxd7 Kc6 30. Nc5 Kxc5 31. Rg7 Kb4 32.
Rxg6 Kc3 33. Kf1 Kxb3 34. Rxe6 1-0

[Event "Early-Titled-Tuesday-Blitz-March-26-2024"]
[Site "Chess.com"]
[Date "2024.03.26"]
[Round "11"]
[White "LileKoridze"]
[Black "Aleksandar-Topalov"]
[Result "1-0"]
[WhiteElo "2459"]
[BlackElo "2350"]
[TimeControl "180+1"]
[EndTime "10:01:36 PDT"]
[Termination "LileKoridze won by resignation"]

1. d4 e6 2. c4 f5 3. Nf3 Nf6 4. g3 Be7 5. Bg2 O-O 6. O-O d6 7. Nc3 Ne4 8. Qc2 Nxc3 9. Qxc3 Bf6 10. Qc2 e5 11. dxe5 dxe5 12. Rd1 Qe8 13. Rb1 a5 14. Be3 Nc6 15. a3 Qh5 16. Bc5 Re8 17. b4 axb4 18.
axb4 f4 19. Nd2 Nd4 20. Bxd4 exd4 21. Ne4 fxg3 22. Nxg3 Qe5 23. Rb3 h5 24. e3 Bg4 25.
Rxd4 Ra1+ 26. Rb1 Rxb1+ 27. Qxb1 Qe6 28. Bd5 1-0